Map: White Chamber

Players

Darius - Winner!

  • Race: Protoss Protoss
  • League: Gold
  • Spawn Location: 11:00

WeAreLegion - Winner!

  • Race: Terran Terran
  • League: Silver
  • Spawn Location: 12:00

Computer - Winner!

  • Race: Zerg Zerg
  • League: Master
  • Spawn Location: 11:00

SpeedSloth

  • Race: Terran Terran
  • Spawn Location: 6:00

RAWFISH

  • Race: Terran Terran
  • Spawn Location: 5:00

FREEJACK

  • Race: Terran Terran
  • Spawn Location: 5:00

VOD

Have the link to the VOD?

Description

Time

  • Played on: Dec. 8, 2024, 11:31 p.m.
  • Length: 25:38
Show
View Real Time Build Order
Export as new Build Order

Darius Protoss - Winner!

Build Orders: Oracle Opening 

Get SALT Encoding   

  12  0:00  Probe  
  13  0:12  Probe  
  14  0:20  Pylon  
  14  0:24  Probe  
  15  0:36  Probe  
  15  0:41  Gateway  
  16  0:45  Probe  
  17  0:51  Assimilator  
  17  0:53  Probe  
  18  1:01  Assimilator, Probe  
  18  1:09  Probe  
  20  1:19  Probe  
  21  1:29  Forge  
  21  1:31  Probe  
  22  1:34  Cybernetics Core  
  22  1:43  Probe  
  23  1:50  Pylon  
  23  2:09  Photon Cannon  
  23  2:11  Warp Gate  
  23  2:12  Stalker  
  23  2:15  Stargate  
  25  2:42  Nexus  
  25  2:46  Probe  
  25  2:50  Sentry  
  28  2:58  Probe  
  29  3:11  Pylon  
  29  3:18  Probe  
  30  3:20  Pylon  
  30  3:29  Oracle  
  33  3:47  Photon Cannon  
  33  3:57  Oracle  
  33  3:58  Probe  
  34  4:06  Gateway  
  34  4:08  Gateway  
  37  4:10  Probe  
  38  4:20  Probe  
  39  4:26  Probe  
  40  4:32  Probe  
  40  4:34  Shield Battery  
  40  4:37  Photon Cannon  
  40  4:38  Probe  
  42  4:44  Probe  
  43  4:50  Probe  
  44  4:56  Probe  
  45  5:05  Probe  
  46  5:08  Assimilator, Probe  
  46  5:12  Assimilator  
  47  5:17  Probe  
  47  5:20  Probe  
  49  5:30  Probe  
  50  6:17  Probe  
  47  6:24  Protoss Ground Weapons Level 1  
  48  6:25  Probe  
  48  6:32  Stalker  
  51  6:33  Stalker x2  
  51  6:35  Probe  
  51  6:38  Forge  
  51  6:39  Forge  
  53  6:47  Probe  
  53  6:48  Robotics Facility  
  53  6:50  Phoenix  
  56  6:57  Twilight Council  
  56  6:59  Probe  
  56  7:04  Stalker x2  
  56  7:07  Probe  
  61  7:09  Protoss Shields Level 1  
  61  7:11  Protoss Ground Armor Level 1, Pylon  
  61  7:13  Pylon  
  62  7:29  Phoenix  
  58  8:03  Nexus  
  58  8:04  Blink, Pylon  
  58  8:08  Pylon  
  58  8:10  Gateway x2  
  58  8:12  Gateway  
  58  8:17  Immortal  
  62  8:23  Phoenix  
  62  8:24  Protoss Ground Weapons Level 2  
  64  8:48  Stalker, Phoenix  
  64  8:50  Stalker x2  
  70  8:57  Assimilator  
  70  8:58  Assimilator  
  70  9:01  Photon Cannon  
  70  9:03  Photon Cannon  
  70  9:04  Probe  
  70  9:06  Photon Cannon  
  70  9:07  Shield Battery  
  70  9:09  Shield Battery  
  71  9:16  Probe  
  72  9:20  Phoenix  
  70  9:28  Probe  
  63  9:45  Phoenix  
  59  9:51  Stalker  
  59  9:52  Stalker x4  
  63  9:53  Stalker  
  63  10:10  Phoenix  
  65  10:18  Stalker x4  
  65  10:19  Stalker x2  
  77  10:32  Probe  
  77  10:35  Phoenix  
  79  10:40  Probe  
  81  10:59  Phoenix  
  81  11:02  Protoss Ground Weapons Level 3  
  83  11:06  Stalker  
  83  11:07  Stalker x5  
  83  12:13  Stalker  
  73  12:34  Stalker  
  73  12:35  Stalker x2  
  73  12:36  Stalker x2  
  83  12:39  Stalker x2  
  77  12:53  Gateway  
  77  12:54  Gateway  
  77  12:59  Pylon  
  77  13:01  Pylon  
  41  13:27  Stalker  
  41  13:28  Stalker x3  
  41  13:32  Gateway x2  
  43  13:34  Protoss Ground Armor Level 2  
  43  13:36  Pylon  
  43  13:38  Pylon  
  43  13:40  Pylon  
  43  14:01  Dark Shrine  
  43  14:02  Gateway  
  43  14:04  Gateway  
  43  14:08  Gateway  
  43  14:14  Stalker  
  43  14:15  Stalker x2  
  43  14:16  Stalker x3  
  55  14:21  Gateway  
  55  14:22  Gateway  
  55  14:26  Templar Archives  
  55  14:48  Charge  
  55  15:01  Shadow Stride  
  55  15:10  Psionic Storm  
  55  15:16  Nexus, Dark Templar  
  55  15:17  Pylon, Dark Templar x6  
  55  15:18  Dark Templar x4  
  55  15:19  Pylon  
  77  15:41  Photon Cannon  
  77  15:42  Photon Cannon  
  77  15:43  Shield Battery  
  75  16:36  Stalker x4  
  75  16:37  Stalker x4  
  75  16:38  Stalker  
  67  17:27  High Templar x4  
  67  17:28  High Templar x3  
  55  18:03  Assimilator  
  55  18:05  Assimilator  
  55  18:10  Stalker x2  
  55  18:11  Stalker x5  
  69  18:29  Probe  
  70  18:34  Observer  
  71  18:42  Probe x2  
  73  18:50  Probe  
  73  18:52  Stalker x2, Observer  
  73  18:53  Stalker  
  73  18:54  Probe  
  82  19:00  Probe  
  81  19:12  Probe  
  81  19:14  Stalker x4  
  81  19:15  Stalker  
  92  19:17  Stalker  
  92  19:34  Archon x3  
  92  19:37  Stalker x3  
  92  19:38  Stalker  
  100  19:39  Stalker  
  100  20:07  Stalker x4  
  100  20:08  Stalker x2  
  100  20:10  Zealot x4  
  100  20:13  Probe  
  73  20:54  Stalker  
  73  20:55  Stalker x2  
  73  20:56  Stalker x3  
  73  20:57  Stalker x2  
  79  20:59  Sentry  
  83  21:05  High Templar  
  85  21:27  Nexus  
  85  21:35  Assimilator  
  85  21:37  Assimilator  
  85  21:43  Stalker x2  
  85  21:44  Stalker x3  
  95  22:02  Nexus  
  87  22:45  Pylon  
  87  22:48  Stalker  
  87  22:49  Stalker, Pylon  
  91  22:52  Stalker x2  
  91  22:53  Stalker x3  
  91  22:54  Stalker x2  
  91  22:55  Stalker  
  91  22:57  Sentry  
  109  23:12  Assimilator  
  109  23:16  Assimilator  
  109  23:24  Probe  
  110  23:27  Probe  
  110  23:33  High Templar x2  
  110  23:34  High Templar x3  
  117  23:35  High Templar x2, Probe  
  117  23:36  Probe  
  117  23:39  Probe  
  128  23:42  Probe  
  128  23:43  Probe  
  130  23:50  Probe  
  130  23:51  Probe  
  130  23:52  Probe  
  130  23:54  Stalker x2  
  130  23:55  Sentry  
  139  23:56  Sentry  
  139  24:00  Probe  
  142  24:04  Probe  
  143  24:12  Probe  
  112  24:56  Archon  
Show
View Real Time Build Order
Export as new Build Order

WeAreLegion Terran - Winner!

Build Orders: Reaper Expand 

Get SALT Encoding   

  12  0:00  SCV  
  13  0:12  SCV  
  14  0:17  Supply Depot  
  14  0:25  SCV  
  15  0:39  SCV  
  15  0:41  Barracks  
  16  0:48  Refinery  
  16  0:51  SCV  
  17  1:00  Refinery  
  17  1:27  Orbital Command  
  17  1:38  Reaper  
  18  1:49  Supply Depot  
  18  1:59  Command Center  
  18  2:05  SCV  
  18  2:21  Marine  
  19  2:25  SCV  
  20  2:32  Factory  
  20  2:37  SCV  
  20  2:44  Barracks  
  21  2:49  Barracks Reactor  
  21  3:00  SCV  
  22  3:13  SCV  
  23  3:20  Starport  
  23  3:23  Orbital Command  
  23  3:25  SCV  
  24  3:31  Factory Tech Lab  
  25  3:34  Marine x2  
  25  3:36  Barracks Tech Lab  
  25  3:37  SCV  
  27  3:46  Supply Depot  
  27  3:48  Engineering Bay  
  27  3:49  SCV  
  28  3:56  Barracks  
  28  4:01  SCV, Medivac  
  31  4:08  Siege Tank  
  34  4:11  SCV  
  34  4:15  SCV  
  36  4:20  Marine  
  36  4:23  SCV  
  38  4:25  Marine  
  38  4:27  SCV  
  38  4:29  Stimpack  
  40  4:35  SCV  
  41  4:43  Supply Depot  
  41  4:45  Supply Depot  
  41  4:49  Barracks Reactor  
  42  5:07  SCV x2  
  43  5:15  Command Center  
  43  5:19  SCV x2  
  45  5:21  Terran Infantry Weapons Level 1  
  45  5:22  Refinery  
  45  5:23  Marine x3  
  45  5:27  Starport Reactor  
  48  5:29  Refinery  
  48  5:31  SCV x2  
  50  5:38  Marine x2  
  50  5:41  Marine x2  
  50  5:42  Marauder  
  56  5:43  SCV x2  
  58  5:56  Starport  
  58  5:57  Starport  
  58  5:58  Armory  
  58  6:02  Armory  
  58  6:09  Supply Depot  
  58  6:11  Supply Depot, SCV  
  58  6:13  SCV  
  60  6:20  Medivac  
  60  6:23  Marine x3  
  65  6:44  SCV x2  
  67  6:53  Marine x4  
  73  6:54  Marauder  
  73  6:56  SCV  
  73  6:57  SCV  
  73  7:00  Combat Shield  
  75  7:08  SCV  
  75  7:09  SCV  
  75  7:11  Marine x4  
  83  7:15  Marauder  
  83  7:21  SCV x2  
  85  7:27  Orbital Command  
  85  7:29  Marine  
  86  7:33  SCV x2  
  90  7:37  Marauder  
  90  7:41  Terran Ship Weapons Level 1  
  90  7:42  Command Center  
  90  7:43  Terran Infantry Weapons Level 2  
  90  7:44  Starport Reactor  
  90  7:45  Starport Tech Lab  
  90  7:51  Fusion Core  
  90  7:59  Supply Depot  
  90  8:00  Supply Depot  
  90  8:01  SCV x3  
  90  8:04  Marine x2  
  95  8:13  SCV x3  
  98  8:20  Refinery  
  98  8:21  Marine x2  
  98  8:22  Supply Depot x2, Refinery  
  98  8:27  Barracks  
  100  8:30  Factory  
  100  8:56  SCV x3  
  100  8:58  Marine x2  
  100  8:59  Marine x3  
  100  9:00  Siege Tank  
  111  9:08  SCV x3  
  114  9:17  Marauder  
  114  9:20  SCV x3  
  115  9:39  Marauder  
  115  9:41  Viking x2  
  115  9:43  Factory Tech Lab  
  115  9:44  Barracks Reactor  
  121  9:49  Viking  
  121  9:50  Viking x2  
  127  9:53  Terran Ship Weapons Level 2  
  127  9:56  Terran Vehicle Weapons Level 1  
  127  9:59  Terran Infantry Armor Level 1  
  127  10:00  SCV, Marauder  
  127  10:05  SCV  
  131  10:11  Viking x2  
  135  10:19  Viking  
  135  10:20  Viking x2  
  141  10:21  Marauder  
  143  10:41  Viking  
  145  10:49  Viking  
  147  10:58  Marine  
  147  11:04  Marine x2, Thor  
  148  11:05  Planetary Fortress  
  156  11:11  Supply Depot  
  156  11:12  Supply Depot  
  156  11:14  Supply Depot  
  156  11:32  Marine x2  
  156  11:33  Marauder  
  156  11:35  Supply Depot  
  147  11:47  Thor  
  149  11:54  Marauder  
  151  12:03  Marine x4  
  111  12:16  Marauder  
  111  12:19  Viking x5  
  107  12:23  Terran Vehicle Weapons Level 2  
  107  12:24  Terran Ship Weapons Level 3  
  107  12:29  Thor  
  106  12:32  Marine  
  106  12:34  Siege Tank  
  103  12:49  Viking x5  
  113  13:09  SCV  
  113  13:12  Thor  
  120  13:18  Marine x5  
  120  13:19  Viking x2  
  129  13:20  Siege Tank  
  129  13:21  SCV, Viking x3  
  139  13:34  SCV  
  140  13:46  SCV  
  141  13:49  Viking x2  
  141  13:51  Viking x3  
  141  13:52  Siege Tank  
  154  13:58  SCV  
  134  14:16  Marine x3  
  137  14:18  Thor  
  137  14:19  Viking x2  
  137  14:20  Viking  
  137  14:21  Viking  
  151  14:24  Thor  
  143  14:52  Viking x5  
  150  15:00  Thor  
  122  15:22  Viking  
  114  15:29  Marine  
  114  15:30  Marine x2  
  114  15:31  Thor  
  114  15:32  Viking  
  125  15:39  SCV  
  126  15:43  SCV x3, Thor  
  135  15:52  SCV  
  136  15:58  Marine  
  136  16:04  SCV, Command Center  
  138  16:11  Ghost Academy  
  138  16:13  Thor  
  138  16:16  SCV  
  145  16:27  Refinery  
  145  16:29  Refinery  
  145  17:18  Marine  
  145  17:19  Marine x3  
  145  17:20  Marauder  
  151  17:23  Viking x5  
  151  17:25  Thor x2  
  173  17:41  Marauder  
  174  17:53  Viking x2  
  172  18:02  Marauder  
  174  18:08  Thor x2  
  186  18:24  Marauder  
  180  18:43  Viking x4  
  180  18:45  Marauder  
  190  18:51  Thor  
  159  19:34  Thor  
  135  19:49  Viking x5  
  135  19:51  Thor  
  146  20:06  Command Center  
  146  20:10  Refinery  
  146  20:11  Refinery  
  146  20:16  Thor  
  146  20:19  Viking x5  
  162  20:34  Thor  
  156  21:22  Marine x2  
  156  21:23  Marine x2  
  156  21:24  Marauder, Viking x2  
  156  21:25  Thor x2, Viking x3  
  164  22:30  Terran Vehicle Weapons Level 3  
  164  22:31  Terran Vehicle And Ship Armor Level 1  
  126  23:11  Thor  
  132  23:52  Thor  
  132  23:54  Thor  
  144  24:04  Marine x5  
  144  24:05  Marine  
  144  24:06  Marauder  
  152  24:18  Refinery  
  152  24:28  Marauder  
  154  24:49  Marauder  
Show
View Real Time Build Order
Export as new Build Order

Computer Zerg - Winner!

Build Orders: Hatch First, Lurkers 

Get SALT Encoding   

  12  0:00  Drone  
  13  0:15  Drone  
  13  0:17  Overlord  
  13  0:20  Extractor  
  13  0:24  Drone  
  15  0:38  Drone x2  
  17  0:49  Drone  
  18  1:01  Drone  
  18  1:02  Hatchery  
  18  1:11  Drone  
  19  1:18  Spawning Pool  
  19  1:20  Extractor  
  17  1:27  Drone  
  18  1:36  Drone  
  19  1:42  Overlord  
  20  2:01  Drone  
  20  2:11  Drone  
  21  2:18  Queen  
  21  2:20  Queen  
  25  2:23  Drone  
  26  2:34  Drone  
  26  2:35  Drone  
  26  2:36  Overlord  
  28  2:38  Drone  
  28  2:39  Hatchery  
  28  3:07  Drone x3  
  28  3:10  Metabolic Boost  
  31  3:13  Lair  
  31  3:19  Extractor  
  30  3:25  Overlord  
  30  3:26  Drone  
  30  3:27  Drone x4  
  32  3:32  Queen  
  37  3:34  Drone  
  38  3:50  Overlord  
  38  3:51  Zergling x2  
  39  4:00  Queen  
  39  4:01  Overlord  
  39  4:02  Drone x4  
  45  4:13  Drone x4  
  49  4:18  Evolution Chamber  
  49  4:21  Drone, Evolution Chamber  
  49  4:22  Evolution Chamber  
  47  4:34  Drone x7  
  54  4:41  Pneumatized Carapace  
  54  4:50  Zerg Melee Weapons Level 1, Zerg Missile Weapons Level 1  
  54  4:55  Extractor  
  54  4:56  Drone x3  
  54  4:57  Drone x4, Extractor  
  59  5:04  Overlord  
  59  5:13  Hydralisk Den  
  58  5:17  Zergling x14, Infestation Pit  
  64  5:28  Drone x7  
  71  5:46  Hydralisk x4  
  79  5:52  Hatchery  
  78  6:00  Neural Parasite  
  78  6:05  Zergling x4  
  78  6:08  Grooved Spines  
  78  6:37  Zergling x2  
  78  6:38  Zergling x14  
  78  6:39  Overlord x3  
  80  6:40  Overlord  
  80  6:43  Extractor  
  80  6:46  Extractor  
  78  6:47  Hive  
  72  6:54  Drone  
  72  6:58  Burrow  
  72  6:59  Muscular Augments  
  72  7:00  Overseer  
  69  7:02  Hatchery  
  69  7:06  Zerg Missile Weapons Level 2, Zerg Melee Weapons Level 2  
  69  7:08  Hatchery  
  67  7:14  Drone x3  
  67  7:15  Drone x8  
  78  7:21  Queen  
  80  7:24  Zergling x4  
  82  7:30  Hydralisk  
  82  7:31  Hydralisk x3  
  90  7:45  Spore Crawler  
  90  7:46  Spore Crawler  
  88  8:00  Spire  
  88  8:03  Hydralisk x4  
  88  8:04  Lurker Den, Hydralisk x2  
  99  8:27  Drone x3  
  101  8:58  Infestor x4  
  101  9:02  Adaptive Talons  
  109  9:03  Hydralisk  
  111  9:10  Zergling x30  
  111  9:11  Zergling x12  
  111  9:13  Overlord x3  
  132  9:29  Adrenal Glands  
  130  9:46  Unknown  
  130  9:59  Seismic Spines  
  113  10:20  Corruptor x5  
  113  10:21  Corruptor x6  
  123  10:32  Greater Spire  
  123  10:42  Extractor  
  122  10:43  Extractor  
  122  10:48  Zergling x22  
  122  10:49  Zergling x14  
  139  10:53  Hatchery  
  138  10:58  Zerg Melee Weapons Level 3  
  138  11:01  Zerg Missile Weapons Level 3  
  138  11:05  Zerg Ground Armor Level 1  
  138  11:11  Overlord x3  
  138  11:12  Overlord  
  138  11:13  Zergling x24  
  150  11:34  Lurker x3  
  150  11:35  Lurker x2  
  121  12:16  Zergling x2  
  121  12:17  Zergling x42  
  142  12:49  Zergling x14, Hydralisk x5  
  159  12:56  Zerg Flyer Weapons Level 1  
  129  13:28  Zergling x16, Hydralisk x19  
  168  13:40  Drone x4  
  168  13:41  Drone, Overlord  
  156  13:49  Zerg Ground Armor Level 2  
  156  13:55  Ultralisk Cavern  
  139  14:12  Infestor x3  
  139  14:13  Infestor  
  139  14:14  Hydralisk x6  
  139  14:15  Hydralisk  
  139  14:16  Zergling x12  
  167  14:29  Hatchery  
  159  14:43  Zergling x24  
  167  14:51  Zerg Flyer Armor Level 1  
  165  14:56  Zergling x22  
  142  15:13  Zergling x18  
  151  15:41  Zergling x8  
  151  15:42  Zergling x30  
  144  16:19  Infestor x3  
  144  16:20  Hydralisk x9  
  144  16:21  Hydralisk x3  
  144  16:22  Overlord x2  
  174  16:44  Zerg Flyer Weapons Level 2  
  174  16:47  Drone x2  
  94  17:39  Hydralisk x18  
  94  17:40  Hydralisk x3  
  94  17:41  Zergling x4  
  94  17:42  Zergling x2  
  125  17:58  Zergling x4, Hydralisk x4  
  126  17:59  Hydralisk  
  136  18:10  Extractor  
  136  18:12  Extractor  
  134  18:37  Anabolic Synthesis  
  113  19:14  Zergling x2  
  113  19:15  Zergling x46  
  137  19:19  Chitinous Plating  
  137  19:27  Zergling x16  
  145  19:37  Corruptor x7  
  158  19:47  Hydralisk  
  158  19:51  Corruptor  
  158  19:52  Corruptor  
  154  20:26  Zergling x2  
  154  20:27  Zergling x4, Hydralisk x5  
  154  20:28  Hydralisk x4  
  132  21:18  Hydralisk x11  
  124  21:19  Hydralisk x4  
  154  21:49  Hatchery  
  83  22:28  Hydralisk x15  
  93  22:58  Zergling x2  
  93  22:59  Zergling x14  
  93  23:04  Zergling x2  
  93  23:05  Zergling x6  
  105  23:32  Hydralisk x3  
  105  23:33  Hydralisk x8  
  121  24:04  Hatchery  
  121  24:09  Hydralisk, Extractor  
  119  24:10  Extractor, Hydralisk x10  
  140  24:23  Overlord  
  140  24:24  Overlord x3  
  140  24:41  Queen  
  133  25:24  Lurker  
Show
View Real Time Build Order
Export as new Build Order

SpeedSloth Terran 

Build Orders:  

Get SALT Encoding   

  12  0:00  SCV  
  13  0:12  SCV  
  14  0:19  Supply Depot  
  14  0:25  SCV  
  15  0:40  SCV  
  16  0:43  Barracks  
  16  0:51  Refinery  
  16  0:52  SCV  
  17  1:05  SCV  
  17  1:08  Barracks  
  18  1:17  SCV  
  19  1:29  SCV  
  19  1:31  Barracks Tech Lab  
  20  1:34  Supply Depot  
  20  1:52  Marine  
  21  2:03  SCV, Refinery  
  22  2:15  SCV  
  23  2:17  Barracks Reactor  
  23  2:20  Command Center  
  23  2:24  Engineering Bay  
  23  2:27  SCV  
  24  2:37  Supply Depot  
  24  2:45  Marine  
  25  2:52  Orbital Command  
  25  3:00  Factory  
  25  3:03  Marine  
  26  3:06  Combat Shield  
  26  3:14  Marine x2  
  28  3:28  Terran Infantry Weapons Level 1  
  28  3:30  Marauder  
  30  3:38  SCV  
  31  3:48  SCV  
  32  3:49  Refinery  
  32  3:50  SCV  
  33  4:00  SCV, Engineering Bay  
  34  4:12  SCV, Factory Tech Lab  
  35  4:29  Barracks  
  35  4:30  Planetary Fortress  
  35  4:37  Terran Infantry Armor Level 1  
  35  4:38  Barracks  
  35  4:41  Marauder  
  37  4:53  Starport  
  37  5:05  Barracks  
  37  5:09  SCV  
  38  5:17  Supply Depot  
  38  5:21  SCV  
  39  5:24  Missile Turret  
  35  5:33  SCV  
  33  5:38  Medivac  
  31  5:45  SCV  
  32  6:03  Missile Turret  
  32  6:07  Barracks Reactor  
  32  6:09  Barracks Reactor  
  32  6:11  Barracks Tech Lab  
  32  6:16  Marine x2  
  32  6:17  Marauder  
  36  6:21  Stimpack  
  36  6:23  SCV  
  37  6:28  SCV  
  38  6:40  SCV  
  38  6:41  SCV  
  40  6:53  SCV  
  41  6:59  Marine x2  
  41  7:00  Marine x4  
  41  7:01  Marine  
  48  7:04  Marauder  
  48  7:05  SCV  
  48  7:06  Concussive Shells  
  51  7:12  Medivac  
  53  7:16  SCV  
  53  7:18  SCV  
  55  7:27  Supply Depot  
  55  7:28  SCV  
  56  7:32  Supply Depot  
  56  7:54  Starport Reactor  
  56  7:57  SCV  
  57  8:02  Supply Depot  
  57  8:04  Siege Tank  
  60  8:09  SCV  
  61  8:14  Marine, Marauder x2  
  61  8:15  Marine x5  
  71  8:21  SCV  
  72  8:32  SCV, Command Center  
  72  8:33  SCV  
  74  8:38  Refinery  
  74  8:44  SCV  
  74  8:45  SCV  
  76  8:56  SCV  
  77  9:09  SCV x2  
  79  9:21  SCV  
  80  9:55  SCV  
  80  9:57  Planetary Fortress  
  74  10:07  SCV  
  62  10:20  SCV  
  63  10:32  SCV  
  64  10:38  SCV  
  65  10:44  SCV x2  
  65  10:48  Refinery  
  67  10:50  SCV  
  67  10:52  Marauder x2  
  67  10:54  Marine x5  
  67  10:55  Marine  
  67  10:56  SCV x2  
  80  11:01  Armory  
  80  11:02  SCV  
  81  11:04  Siege Tank  
  81  11:06  Medivac x2  
  81  11:08  SCV x2  
  90  11:12  Marine x2  
  90  11:13  Marine x3  
  90  11:14  SCV  
  90  11:15  Marauder x2  
  100  11:20  SCV  
  101  11:53  SCV x2  
  101  11:55  SCV  
  94  12:05  SCV  
  60  12:40  Command Center  
  39  13:24  Marine x2, Marauder x2  
  39  13:25  Marine x4  
  45  13:38  Command Center  
  45  13:42  Marine x3  
  45  13:43  Marine  
  49  14:27  Factory  
  49  14:42  Medivac  
  49  14:43  Medivac  
  49  14:45  Marine x5  
  56  14:48  Marauder x2  
  62  14:58  Ghost Academy  
  60  15:09  Marauder  
  62  15:28  Planetary Fortress, Ghost Academy  
  62  15:30  Missile Turret  
  62  15:33  SCV  
  63  15:36  SCV  
  63  15:41  Missile Turret  
  64  15:46  SCV  
  64  15:48  SCV  
  66  15:52  Missile Turret  
  66  15:55  Command Center  
  66  15:58  SCV, Ghost x2  
  66  16:00  SCV, Marine x4, Ghost Academy  
  66  16:01  Marine x2  
  80  16:10  SCV  
  81  16:12  SCV  
  81  16:18  Marine x2  
  84  16:22  SCV  
  84  16:24  SCV  
  86  16:26  Ghost  
  86  16:27  Ghost  
  86  16:32  SCV  
  93  16:44  SCV  
  94  16:56  SCV  
  91  17:27  Planetary Fortress  
  91  17:33  Missile Turret  
  91  17:35  Ghost  
  91  17:36  Marine x2  
  91  17:37  Marine x3  
  85  18:04  Refinery  
  85  18:21  Ghost  
  85  18:23  Marine x3  
  85  18:25  Marine x3, Marauder  
  96  18:28  Terran Infantry Weapons Level 2  
  96  18:30  Terran Infantry Armor Level 2  
  96  18:37  Nuke  
  96  18:39  Nuke  
  13  24:38  Marine x3  
  6  24:56  Marine x2  
  5  25:14  Marine x2  
Show
View Real Time Build Order
Export as new Build Order

RAWFISH Terran 

Build Orders:  

Get SALT Encoding   

  12  0:01  SCV  
  13  0:14  SCV  
  14  0:22  Supply Depot  
  14  0:26  SCV  
  15  0:44  SCV  
  15  0:46  Barracks  
  16  0:56  SCV  
  17  1:08  SCV  
  18  1:17  Command Center  
  18  1:20  SCV  
  19  1:33  SCV  
  19  1:34  Supply Depot  
  19  1:37  Refinery  
  20  1:45  SCV  
  21  1:57  Supply Depot, SCV, Marine  
  23  2:01  Refinery  
  23  2:11  Orbital Command  
  23  2:17  Marine  
  24  2:28  Supply Depot  
  24  2:34  Marine  
  25  2:39  SCV  
  26  2:51  SCV  
  26  2:52  Marine  
  28  3:03  SCV, Factory  
  29  3:11  Orbital Command  
  29  3:15  SCV  
  29  3:16  Supply Depot  
  30  3:21  Marine  
  31  3:28  SCV  
  32  3:36  SCV  
  32  3:38  Supply Depot, Marine  
  32  3:40  SCV  
  35  3:42  Refinery  
  35  3:45  Refinery  
  35  3:49  SCV, Factory Tech Lab  
  35  3:52  SCV  
  37  3:56  Marine  
  37  4:00  Supply Depot  
  37  4:01  SCV  
  39  4:04  SCV  
  39  4:08  Starport  
  40  4:10  Siege Tank  
  40  4:13  SCV  
  40  4:14  Marine  
  40  4:16  SCV  
  46  4:23  Engineering Bay  
  46  4:25  SCV  
  46  4:30  SCV  
  48  4:32  Marine  
  48  4:37  SCV  
  50  4:42  SCV  
  51  4:47  Starport Tech Lab, Fusion Core  
  51  4:49  SCV, Hi-Sec Auto Tracking  
  51  4:50  Marine  
  51  4:52  Supply Depot  
  53  4:54  SCV  
  53  4:58  Siege Tank  
  57  5:01  SCV  
  57  5:02  Sensor Tower  
  58  5:08  SCV  
  58  5:12  Marine  
  58  5:13  SCV  
  61  5:14  Supply Depot  
  61  5:23  Missile Turret  
  61  5:30  Missile Turret  
  61  5:32  Marine  
  62  5:42  Missile Turret x2  
  62  5:45  Missile Turret  
  68  5:50  Battlecruiser, Marine  
  68  5:52  Missile Turret  
  68  6:08  Marine  
  68  6:18  Missile Turret  
  68  6:24  Weapon Refit  
  68  6:25  Starport, Marine  
  68  6:30  SCV x2  
  68  6:32  Armory  
  71  6:42  SCV x2  
  71  6:43  Marine  
  74  7:01  Marine  
  75  7:10  Starport Tech Lab  
  75  7:19  Marine  
  76  7:37  Marine  
  77  7:46  Battlecruiser  
  77  7:47  Battlecruiser  
  89  7:54  Supply Depot  
  89  7:57  Supply Depot  
  89  7:58  Terran Ship Weapons Level 1  
  89  8:00  Supply Depot  
  89  8:06  Starport  
  89  8:09  Starport  
  89  8:16  Supply Depot, Siege Tank  
  89  8:17  Command Center  
  89  8:19  Command Center  
  92  8:25  Supply Depot  
  95  8:48  Siege Tank  
  95  8:54  Starport Tech Lab x2  
  95  9:56  Battlecruiser x4  
  119  10:11  Terran Ship Weapons Level 2  
  119  11:11  Battlecruiser x2  
  131  11:16  Marine  
  131  11:18  Siege Tank  
  135  11:33  Marine  
  128  11:51  Marine  
  113  12:09  Marine  
  108  12:18  Planetary Fortress  
  108  12:19  Planetary Fortress  
  108  12:27  Marine  
  109  12:43  SCV  
  109  12:44  SCV  
  105  12:45  Marine  
  105  12:46  Battlecruiser  
  105  12:47  Battlecruiser  
  112  12:55  SCV, Refinery  
  112  12:56  SCV, Refinery  
  114  13:02  Marine  
  115  13:08  SCV x2  
  117  13:20  Marine  
  117  13:23  SCV  
  117  13:24  SCV  
  117  13:36  SCV x2  
  98  13:48  SCV x2  
  97  13:54  Battlecruiser x2  
  109  14:00  SCV x2  
  110  14:05  Battlecruiser  
  110  14:08  SCV  
  110  14:09  SCV  
  112  14:12  SCV x2  
  114  14:21  SCV x2  
  116  14:26  Barracks Tech Lab  
  116  14:27  Barracks  
  116  14:28  Barracks  
  116  14:29  Barracks  
  116  14:31  Battlecruiser  
  116  14:33  Barracks  
  116  14:34  Barracks  
  122  14:43  Terran Infantry Weapons Level 1, Barracks  
  122  14:44  Barracks  
  122  14:51  Stimpack  
  122  14:53  SCV x2  
  124  15:04  Refinery  
  124  15:05  SCV x2, Battlecruiser, Refinery  
  132  15:15  Barracks Reactor x2  
  132  15:16  Barracks Reactor  
  132  15:17  SCV x2  
  132  15:19  Marine  
  132  15:20  Barracks Reactor  
  135  15:26  Barracks Reactor  
  135  15:29  SCV x2  
  135  15:33  Barracks Reactor  
  135  15:35  Barracks Reactor  
  137  15:36  Marine  
  137  15:41  SCV x2  
  140  15:53  SCV  
  140  15:55  Marine x5  
  140  15:56  Marine x4  
  150  16:04  Battlecruiser, Marine  
  153  16:05  Marine  
  153  16:09  Battlecruiser  
  161  16:13  Marine x9  
  170  16:36  Command Center  
  167  16:40  Marine x7  
  167  16:43  Marine  
  167  16:46  Marine x2  
  167  16:47  Marine  
  173  16:53  Marine x3  
  173  16:54  Marine  
  173  16:55  Missile Turret  
  173  16:58  Marine x5  
  173  16:59  Missile Turret  
  173  17:01  Missile Turret  
  173  17:03  Missile Turret  
  173  17:04  Missile Turret x2  
  173  17:13  Sensor Tower  
  173  17:19  Marine x3, Sensor Tower  
  173  17:20  Marine x2  
  173  17:21  Marine x7  
  173  17:24  Marine  
  173  17:26  Marine x2, Missile Turret  
  116  17:37  Marine x3  
  116  17:38  Marine x2  
  116  17:39  Orbital Command, Marine x7  
  116  17:43  Marine x2  
  126  17:46  Marine  
  126  17:55  Marine x4  
  126  17:56  Marine x2  
  126  17:57  Marine x6  
  138  18:01  Marine x2  
  138  18:04  Marine  
  141  18:12  Marine x2  
  141  18:13  Marine x2  
  141  18:14  Marine x2  
  141  18:15  Marine x6  
  141  18:19  Marine  
  154  18:27  Marine  
  154  18:28  Marine  
  154  18:30  Marine x2  
  59  19:13  Marine  
  59  19:14  Marine x14  
  32  19:31  Marine  
  32  19:32  Marine x3  
Show
View Real Time Build Order
Export as new Build Order

FREEJACK Terran 

Build Orders:  

Get SALT Encoding   

  12  0:13  Supply Depot, SCV  
  13  0:25  SCV  
  14  0:37  SCV  
  15  0:48  Barracks  
  15  0:49  SCV  
  16  1:01  SCV  
  17  1:18  Command Center  
  17  1:35  Orbital Command  
  17  1:55  Command Center  
  17  2:00  Refinery  
  17  2:04  Refinery  
  17  2:13  Engineering Bay  
  17  2:15  SCV  
  18  2:27  SCV  
  19  2:39  SCV  
  20  2:51  Factory  
  20  2:56  Refinery x2  
  20  2:58  SCV  
  21  3:07  Orbital Command  
  22  3:15  Planetary Fortress  
  21  3:35  Starport  
  21  3:41  SCV x2  
  23  3:50  Factory Tech Lab  
  23  3:53  SCV x3  
  26  4:05  SCV  
  27  4:16  Fusion Core  
  27  4:17  SCV  
  27  4:23  Raven  
  30  4:28  Orbital Command  
  30  4:29  SCV  
  31  4:40  Factory Tech Lab  
  31  4:42  Starport  
  32  4:50  Command Center  
  31  5:07  Battlecruiser  
  37  5:15  Weapon Refit  
  37  5:30  SCV x2  
  39  5:41  Missile Turret x2  
  39  5:42  SCV x2  
  36  5:54  SCV x2  
  38  5:57  Missile Turret  
  38  6:06  SCV  
  38  6:07  SCV  
  38  6:08  Orbital Command  
  40  6:18  SCV  
  41  6:19  SCV  
  42  6:28  Armory  
  42  6:36  Command Center  
  42  6:37  SCV  
  43  6:51  Command Center  
  43  6:59  Caduceus Reactor  
  43  7:01  Battlecruiser  
  49  7:14  Battlecruiser  
  55  7:17  Terran Ship Weapons Level 1  
  55  7:25  SCV  
  55  7:27  Refinery  
  56  7:31  Refinery  
  56  7:32  Orbital Command  
  56  7:38  SCV  
  56  7:43  SCV, Starport  
  58  7:50  SCV  
  59  7:55  SCV  
  60  8:02  Orbital Command, SCV  
  61  8:07  SCV  
  61  8:11  SCV  
  63  8:14  SCV  
  63  8:19  SCV  
  65  8:23  Planetary Fortress, SCV  
  65  8:24  Missile Turret  
  65  8:26  SCV, Starport Tech Lab  
  67  8:31  SCV  
  68  8:35  SCV  
  68  8:38  SCV  
  70  8:43  SCV  
  70  8:44  Advanced Ballistics  
  70  8:47  SCV, Command Center  
  72  8:50  SCV  
  72  8:53  Armory  
  73  8:55  SCV  
  73  9:00  SCV  
  73  9:02  Command Center  
  75  9:04  Missile Turret  
  75  9:06  Missile Turret  
  75  9:11  Terran Vehicle And Ship Armor Level 1  
  75  9:13  Neosteel Armor  
  75  9:15  Battlecruiser, Refinery  
  81  9:28  Battlecruiser  
  87  9:41  Starport, Terran Ship Weapons Level 2  
  87  9:43  Starport  
  87  9:46  Starport  
  87  9:50  Battlecruiser  
  93  9:54  Command Center  
  93  10:02  Planetary Fortress  
  93  10:25  Planetary Fortress  
  93  10:31  Command Center  
  93  10:32  Starport Tech Lab x2  
  93  10:33  Starport Tech Lab  
  93  10:34  Command Center  
  93  10:39  Starport  
  93  10:43  Starport  
  93  10:44  Starport  
  93  10:48  Starport  
  93  10:50  Battlecruiser  
  99  10:59  Command Center  
  99  11:07  Orbital Command  
  99  11:11  Command Center  
  99  11:16  Starport Tech Lab  
  99  11:22  Starport Tech Lab x2  
  99  11:24  Starport Tech Lab  
  99  11:48  Orbital Command  
  92  12:03  Battlecruiser x2  
  104  12:12  Command Center  
  97  12:42  Orbital Command  
  97  13:06  Command Center x2  
  97  13:24  Planetary Fortress  
  91  13:40  Battlecruiser x3  
  109  13:47  Orbital Command  
  109  13:57  Planetary Fortress  
  103  14:13  Missile Turret x2  
  103  14:14  Missile Turret x2  
  103  14:19  Planetary Fortress  
  103  14:20  Planetary Fortress, Missile Turret  
  103  14:21  Missile Turret x2  
  103  14:22  Missile Turret  
  49  15:29  Command Center  
  49  15:41  Battlecruiser x2  
  61  15:44  SCV x3  
  61  15:47  SCV x2  
  66  15:50  Planetary Fortress  
  66  15:56  SCV x3  
  69  15:59  SCV x2  
  69  16:01  Refinery  
  69  16:04  Refinery  
  71  16:05  Battlecruiser  
  71  16:07  Terran Vehicle And Ship Armor Level 2  
  71  16:08  SCV x2  
  71  16:09  Missile Turret  
  71  16:10  Hi-Sec Auto Tracking  
  79  16:16  Battlecruiser  
  85  16:34  Command Center  
  85  16:41  SCV x3  
  85  16:42  Planetary Fortress  
  85  16:46  Missile Turret  
  85  16:47  Missile Turret  
  88  16:48  Missile Turret  
  88  16:58  Command Center  
  88  16:59  Battlecruiser  
  94  17:03  Command Center  
  94  17:14  Battlecruiser x2  
  106  17:18  Terran Ship Weapons Level 3  
  106  17:41  Battlecruiser x2  
  118  17:52  Command Center  
  118  17:56  Planetary Fortress  
  118  18:06  Battlecruiser  
  124  18:18  Missile Turret  
  124  18:22  Missile Turret  
  124  18:23  Missile Turret  
  118  18:43  Missile Turret  
  118  18:44  Command Center  
  116  19:11  Sensor Tower  
  116  19:22  Planetary Fortress x2  
  116  19:59  SCV x2  
  118  20:11  SCV x2  
  126  20:14  Battlecruiser x4  
  126  20:15  Battlecruiser  
  150  20:21  Planetary Fortress  
  150  20:23  SCV  
  150  20:24  SCV  
  152  20:30  Missile Turret  
  152  20:32  Missile Turret  
  152  20:35  SCV  
  152  20:36  SCV  
  148  20:48  SCV, Battlecruiser  
  148  20:49  Battlecruiser x4  
  160  21:20  Battlecruiser  
  160  21:25  SCV x3  
  169  21:40  Refinery x2  
  122  22:18  Battlecruiser  
  122  22:19  Battlecruiser x2  
  87  22:51  Command Center  
  87  22:57  Command Center  
  87  23:10  Liberator  
  87  23:11  Liberator  
  93  23:40  Liberator x5  
  108  23:58  Missile Turret  
  108  23:59  Missile Turret  
  108  24:01  Missile Turret  
  108  24:02  Missile Turret  
  108  24:05  Missile Turret  
  108  24:06  SCV x5  
  113  24:11  Planetary Fortress  
  113  24:16  Planetary Fortress  
  113  24:18  SCV x2  
Tags
 
Add a new tag
Caveats
  • Supply blocks, unpowered buildings, or Contaminate may cause inaccurate times.
  • Supply counts are checked every 10 seconds.